 Dungeon Crawl Stone Soup version 0.27.0-1-g7a089689b8 (webtiles) character file.

Game seed: 5837245710746718680

14106 ABBCCCDDDD the Carver (level 11, 0/142 HPs)
             Began as a Demonspawn Berserker on Aug 17, 2021.
             Was a High Priest of Trog.
             Slain by an ice beast (12 damage)
             ... summoned by an ice statue
             ... in an ice cave.
             The game lasted 00:16:43 (12276 turns).

ABBCCCDDDD the Carver (Demonspawn Berserker)       Turns: 12276, Time: 00:16:44

Health: 0/142      AC: 12    Str: 20    XL:     11   Next: 84%
Magic:  11/11      EV:  8    Int:  9    God:    Trog [*****.]
Gold:   433        SH:  4    Dex: 13    Spells: 10/10 levels left

rFire    . . .     SeeInvis +   G - +4 scimitar
rCold    . . .     Faith    +   (no shield)
rNeg     . . .     Spirit   .   F - +0 chain mail
rPois    +         Reflect  .   (helmet restricted)
rElec    .         Harm     .   (no cloak)
rCorr    .         Rampage  .   h - +0 pair of gloves
Will     ++...                  r - +2 pair of boots
Stlth    ..........             i - amulet of faith
HPRegen  1.33/turn              B - ring of poison resistance
MPRegen  0.12/turn              J - ring of see invisible

@: berserking, strong-willed, regenerating, very quick
A: horns 2, large bone plates 1, powered by death 2, spiny 1
a: Renounce Religion, Berserk, Trog's Hand, Brothers in Arms


You were in an ice cave.
You worshipped Trog.
Trog was extremely pleased with you.
You visited 1 branch of the dungeon, and saw 11 of its levels.
You also visited: Ice Cave.

You collected 580 gold pieces.
You spent 147 gold pieces at shops.

Inventory:

Hand Weapons
 q - a +1 great sword of protection
 y - a +4 great sword
 G - a +4 scimitar (weapon)
Missiles
 v - 42 poisoned darts (quivered)
Armour
 h - a +0 pair of gloves (worn)
 r - a +2 pair of boots (worn)
 D - a +2 leather armour of fire resistance
 F - a +0 chain mail (worn)
Jewellery
 i - an amulet of faith (around neck)
 B - a ring of poison resistance (left hand)
 J - a ring of see invisible (right hand)
Wands
 d - a wand of polymorph (7)
 s - a wand of iceblast (28)
 z - a wand of flame (14)
Scrolls
 b - a scroll of silence {unknown}
 c - 2 scrolls of fog
 k - 2 scrolls of enchant armour
 o - a scroll of torment
 p - 4 scrolls of teleportation
 w - a scroll of acquirement {unknown}
 A - 2 scrolls of magic mapping {unknown}
 H - a scroll of blinking {unknown}
 I - 3 scrolls of immolation {unknown}
Potions
 a - 4 potions of flight
 f - a potion of attraction {unknown}
 j - 3 potions of curing
 l - a potion of haste {unknown}
 n - 4 potions of magic {unknown}
 t - a potion of might {unknown}
 x - 2 potions of brilliance {unknown}
 C - 3 potions of heal wounds
 E - 2 potions of lignification {unknown}
 K - a potion of mutation {unknown}
 L - a potion of berserk rage {unknown}
Miscellaneous
 g - a condenser vane
 m - a phial of floods


   Skills:
 + Level 11.6 Fighting
 + Level 12.4 Long Blades
 - Level 1.7 Armour
 - Level 1.7 Dodging
 - Level 8.0 Evocations


You had 10 spell levels left.
You didn't know any spells.
Your spell library was empty.

Dungeon Overview and Level Annotations

Branches:
Dungeon (11/15)            Temple (0/1) D:6            Lair (0/6) D:10
  IceCv (1/1)
    Orc: D:9-12

Altars:
Ashenzari
Cheibriados
Fedhas
Gozag
Makhleb
Okawaru
Qazlal
Uskayaw
Xom
Yredelemnul
Zin

Shops:
D:1 (!:!   D:2 *   D:10 *

Annotations:
D:5 2 runed translucent doors
D:7 1 runed translucent door, mavignon's ghost, novice MfBe IceCv exclusion: 2 ice statues


Innate Abilities, Weirdness & Mutations

You have a pair of horns on your head.
You are partially covered in large bone plates. (SH +4)
You regenerate health from kills.
You are partially covered in sharp spines.


Message History

You are engulfed in freezing vapours.
The ice statue gestures at you. The bolt of cold hits you!!
The ice statue gestures.
The ice beast hits you. The ice beast freezes you!
The ice statue glitters chillingly in the dim dungeon light.
The ice statue gestures.
You block the ice beast's attack.
Okay, then.
Unknown command.
Okay, then.
As you read the scroll of fog, it crumbles to dust.
The scroll dissolves into smoke.
The ice beast hits you but does no damage.
A red film seems to cover your vision as you go berserk!
You feel yourself moving faster!
You feel mighty!
The ice statue glitters chillingly in the dim dungeon light.
The ice beast is struck by your spines.
The ice beast hits you but does no damage.
You completely miss the ice statue. The ice beast is struck by your spines.
The ice beast hits you. The ice beast freezes you!
* * * LOW HITPOINT WARNING * * *
The ice statue gestures at you. The bolt of cold hits you!!
* * * LOW HITPOINT WARNING * * *
The bolt of cold hits the ice beast.
The ice beast completely resists.
You slash the ice statue! You headbutt the ice statue.
The ice statue is moderately damaged.
You block the ice beast's attack.
You completely miss the ice statue.
The ice statue is moderately damaged.
The ice beast is struck by your spines. The ice beast barely misses you.
The ice statue gestures.
You slash the ice statue!
The ice statue is heavily damaged.
The ice beast hits you but does no damage.
The ice beast hits you.
* * * LOW HITPOINT WARNING * * *
The ice beast freezes you!
You die...

.. ##8##
##...##
##..YY.##
#..§....#
#Y§§§...#
#YY§§...#
#@YY§...#
#8.§§...#
####.####
#(.○○.!(#
#.......#
#......(#
#.......#
#.......#
##.....##


You could see an ice statue and 5 ice beasts.

Levels and vault maps discovered:
D:1:      psy_arrival_basics, layout_loops_ring, serial_shops,
          nicolae_shop_competitors_out_of_business, shop, nicolae_shop_crystal,
          shop_statue, minmay_indecisive_spiral
D:2:      layout_loops_ring, serial_shops, nicolae_shop_behind_doors,
          dilly_ecumenical_altar_fadedgnrine, serial_park_tiny_1
D:3:      layout_basic, mainiacjoe_overflow_catwalk
D:4:      minmay_inner_zag, layout_basic, mainiacjoe_overflow_surrounded_room,
          lemuel_doored_altar, serial_undead, serial_undead_c, serial_undead_d,
          serial_undead_a, serial_undead_e, chequers_big_river
D:5:      layout_rooms, lemuel_tele_altar, minmay_hollow_rounded_squares
D:6:      layout_cave_pools, nicolae_qazlal_style_of_elements,
          fedhas_altar_decomposition, minmay_temple_entry_drinking_statues,
          ebering_ghost_sewer_d
D:7:      layout_loops_ring, lemuel_round_altar, bloody_makhleb,
          ebering_ghost_xom, minmay_misc_feat_columns,
          kennysheep_generic_room_9, uniq_pikel, uniq_harold
D:8:      layout_basic, mainiacjoe_overflow_tiny_flanked
D:9:      layout_gridville, uniq_psyche
D:10:     layout_cave_pools, lemuel_round_altar, lair_entry_dummy, serial_shops,
          shop
D:11:     layout_cave_pods, portal_ice_cave_entry_imps, kennysheep_small_square
IceCv:    ice_cave_statue_garden_chambered

Notes
Turn   | Place    | Note
-------+----------+-------------------------------------------
     0 | D:1      | ABBCCCDDDD the Demonspawn Berserker began the quest for the
                  | Orb.
     0 | D:1      | Reached XP level 1. HP: 18/18 MP: 1/1
    42 | D:1      | You fall into a shaft and drop 1 floor!
   126 | D:2      | Reached skill level 3 in Long Blades
   131 | D:2      | Gained mutation: You are partially covered in large bone
                  | plates. (SH +4) [demonic ancestry]
   131 | D:2      | Reached XP level 2. HP: 24/24 MP: 2/2
   670 | D:2      | Gained mutation: You have a pair of small horns on your
                  | head. [demonic ancestry]
   670 | D:2      | Reached XP level 3. HP: 29/29 MP: 3/3
  1056 | D:2      | Found a faded altar of an unknown god.
  1087 | D:2      | Found Guots's General Store.
  1241 | D:1      | Found Ropyst's Distillery.
  1259 | D:1      | Reached ** piety under Trog
  1595 | D:1      | Bought a potion of curing for 30 gold pieces
  1718 | D:1      | Found Izytis's Book Shoppe.
  1785 | D:1      | Found Guraokubb's Distillery.
  1791 | D:1      | Bought a potion of degeneration for 12 gold pieces
  1944 | D:1      | Reached skill level 4 in Long Blades
  2021 | D:1      | Found Gillong's Antique Weapon Boutique.
  2140 | D:3      | Found an iron altar of Okawaru.
  2151 | D:3      | Reached XP level 4. HP: 37/37 MP: 4/4
  2692 | D:3      | Noticed an ogre
  2698 | D:3      | Killed an ogre
  2699 | D:3      | Reached XP level 5. HP: 42/42 MP: 5/5
  2805 | D:3      | Reached skill level 5 in Long Blades
  3217 | D:4      | Gained mutation: You regenerate a little health from kills.
                  | [demonic ancestry]
  3217 | D:4      | Reached XP level 6. HP: 49/49 MP: 6/6
  3306 | D:4      | Reached *** piety under Trog
  3365 | D:4      | Found a snail-covered altar of Cheibriados.
  3431 | D:4      | Reached skill level 5 in Fighting
  3434 | D:4      | Reached skill level 6 in Long Blades
  3450 | D:4      | Gained mutation: You have a pair of horns on your head.
                  | [demonic ancestry]
  3450 | D:4      | Reached XP level 7. HP: 41/56 MP: 7/7
  4243 | D:4      | Reached skill level 7 in Long Blades
  4857 | D:5      | Entered Level 5 of the Dungeon
  4932 | D:5      | Reached XP level 8. HP: 64/64 MP: 8/8
  5002 | D:5      | Reached skill level 8 in Long Blades
  5365 | D:5      | Found a large runed translucent door.
  5372 | D:5      | Found a large runed translucent door.
  5372 | D:5      | Noticed a two-headed ogre
  5376 | D:5      | Reached **** piety under Trog
  5383 | D:5      | Killed a two-headed ogre
  5384 | D:5      | Reached skill level 9 in Long Blades
  5384 | D:5      | Gained mutation: You regenerate health from kills. [demonic
                  | ancestry]
  5384 | D:5      | Reached XP level 9. HP: 72/72 MP: 9/9
  5394 | D:5      | Found a large runed translucent door.
  5394 | D:5      | Found a large runed translucent door.
  5959 | D:5      | Found a broken altar of Ashenzari.
  6117 | D:6      | Reached skill level 10 in Long Blades
  6180 | D:6      | Found a stormy altar of Qazlal.
  6211 | D:6      | Reached skill level 1 in Evocations
  6422 | D:6      | Found a staircase to the Ecumenical Temple.
  6855 | D:6      | Found a runed translucent door.
  6869 | D:6      | Noticed Donbassman's ghost (novice TrCK)
  7019 | D:6      | Found a blossoming altar of Fedhas.
  7080 | D:6      | Killed Donbassman's ghost
  7174 | D:7      | Noticed Pikel
  7240 | D:7      | Killed Pikel
  7241 | D:7      | Gained mutation: You are partially covered in sharp spines.
                  | [demonic ancestry]
  7241 | D:7      | Reached XP level 10. HP: 83/83 MP: 10/10
  7575 | D:7      | Found a runed translucent door.
  7576 | D:7      | Found a shimmering altar of Xom.
  7576 | D:7      | Noticed mavignon's ghost (novice MfBe)
  7576 | D:7      | Noticed a +2 trident of chaos
  7683 | D:7      | Noticed Harold
  7699 | D:7      | Killed Harold
  7764 | D:7      | Found a basalt altar of Yredelemnul.
  7787 | D:7      | Reached skill level 5 in Evocations
  8069 | D:7      | Reached skill level 11 in Long Blades
  8343 | D:7      | Found a burning altar of Makhleb.
  8774 | D:8      | Found a hide-covered altar of Uskayaw.
  9078 | D:8      | Reached skill level 10 in Fighting
  9442 | D:9      | Reached XP level 11. HP: 71/91 MP: 11/11
  9932 | D:9      | Noticed Psyche
  9939 | D:9      | Killed Psyche
 10554 | D:10     | Entered Level 10 of the Dungeon
 10574 | D:10     | Found Xaukkaer's Assorted Antiques.
 10587 | D:10     | Bought a scroll labelled JYITRI BARATOE for 35 gold pieces
 10587 | D:10     | Bought a scroll labelled XINNUOSUTI for 35 gold pieces
 10587 | D:10     | Bought a scroll labelled JODOSK UDDASUMPO for 35 gold
                  | pieces
 10675 | D:10     | Found an opulent altar of Gozag.
 10825 | D:10     | Reached ***** piety under Trog
 11166 | D:10     | Found a staircase to the Lair.
 11301 | D:11     | Noticed a two-headed ogre
 11306 | D:11     | Killed a two-headed ogre
 11343 | D:11     | Reached skill level 12 in Long Blades
 11441 | D:11     | Noticed a cyan ugly thing
 11448 | D:11     | Killed a cyan ugly thing
 11487 | D:11     | Noticed a centaur warrior
 11499 | D:11     | Killed a centaur warrior
 11632 | D:11     | Identified the +8 short sword of Gesuduf {freeze, Str+4}
 11633 | D:11     | Found a frozen archway.
 11695 | IceCv    | Entered an ice cave
 11699 | IceCv    | Received a gift from Trog
 11754 | IceCv    | Noticed a white ugly thing
 11773 | IceCv    | Killed a white ugly thing
 12276 | IceCv    | Slain by an ice beast

Table legend: (Time is in decaauts)
 A = Elapsed time spent in this place.
 B = Non-inter-level travel time spent in this place.
 C = Inter-level travel time spent in this place.
 D = Time resting spent in this place.
 E = Time spent auto-exploring this place.
 F = Levels seen in this place.
 G = Mean time per level.
                   A        B        C        D        E       F      G
               +--------+--------+--------+--------+--------+-----+--------+
         Total |  12650 |  12380 |    270 |   4785 |   5897 |  12 | 1054.2 |
       Dungeon |  12051 |  11781 |    270 |   4271 |   5897 |  11 | 1095.5 |
      Ice Cave |    598 |    598 |      0 |    514 |      0 |   1 |  598.0 |
               +--------+--------+--------+--------+--------+-----+--------+

Top non-repeatable levels by time:
     D:2: 1476 daAuts
     D:4: 1463 daAuts
     D:6: 1298 daAuts
     D:5: 1279 daAuts
     D:9: 1254 daAuts
     D:7: 1200 daAuts
     D:3: 1063 daAuts
     D:1: 995 daAuts
     D:8: 852 daAuts
    D:10: 698 daAuts
   IceCv: 598 daAuts
    D:11: 468 daAuts

Table legend:
 A = Kills in this place as a percentage of kills in entire the game.
 B = Kills by you in this place as a percentage of kills by you in the entire game.
 C = Kills by friends in this place as a percentage of kills by friends in the entire game.
 D = Other kills in this place as a percentage of other kills in the entire game.
 E = Experience gained in this place as a percentage of experience gained in the entire game.
 F = Experience gained in this place divided by the number of levels of this place that you have seen.
                   A       B       C       D       E      F
               +-------+-------+-------+-------+-------+----------------------
         Total | 100.0 | 100.0 |   N/A |   N/A | 100.0 | 1679.3
       Dungeon |  96.8 |  96.8 |   N/A |   N/A |  91.7 | 1680.1
      Ice Cave |   3.2 |   3.2 |   N/A |   N/A |   8.3 | 1671.0
               +-------+-------+-------+-------+-------+----------------------

Action                   |  1- 3 |  4- 6 |  7- 9 | 10-12 || total
-------------------------+-------+-------+-------+-------++-------
Melee: Falchion          |    15 |    23 |    21 |       ||    59
       Dagger            |    63 |       |       |       ||    63
       Short sword       |    25 |    92 |       |       ||   117
       Headbutt          |    10 |    22 |    34 |    57 ||   123
       Great sword       |       |       |    20 |       ||    20
       Scimitar          |       |       |   142 |   304 ||   446
Invok: Berserk           |     2 |     8 |    15 |    24 ||    49
       Trog's Hand       |       |       |     1 |     8 ||     9
  Use: Potion            |     1 |       |     1 |     1 ||     3
       Scroll            |       |       |       |    12 ||    12
Armor: Animal skin       |     1 |       |       |       ||     1
       Ring mail         |    16 |    44 |    23 |       ||    83
       Scale mail        |       |       |    31 |    12 ||    43
       Chain mail        |       |       |       |    83 ||    83
Dodge: Dodged            |    44 |    53 |    78 |    78 ||   253
Block: Other             |    12 |    25 |    24 |    38 ||    99
       Rpst.: Falchion   |     2 |     4 |     2 |       ||     8
       Great sword       |       |       |     5 |       ||     5
       Scimitar          |       |       |    16 |    17 ||    33

Vanquished Creatures
  Harold (D:7)
  A centaur warrior (D:11)
  2 two-headed ogres
  Pikel (D:7)
  The ghost of Donbassman the Grappler, a novice TrCK of Nemelex Xobeh (D:6)
  2 ugly things
  A centaur zombie (D:10)
  An ice statue (IceCv)
  A kobold demonologist (D:11)
  Psyche (D:9)
  2 shadows
  19 yaks
  A wraith (D:9)
  A wyvern (D:8)
  3 death yak simulacra (IceCv)
  2 acid dragons (D:9)
  3 ice beasts
  7 orc warriors
  4 black bears
  2 necrophages (D:6)
  3 ogres
  8 centaurs
  A phantom (D:7)
  3 lemures
  A gnoll sergeant (D:5)
  4 bullfrogs
  A cane toad simulacrum (IceCv)
  4 scorpions
  2 water moccasin zombies
  11 wights
  5 howler monkeys
  4 hounds
  2 orc priests
  A bullfrog skeleton (D:5)
  A centaur skeleton (D:4)
  A scorpion zombie (D:4)
  3 iguanas
  7 orc wizards
  A polar bear simulacrum (IceCv)
  A wolf simulacrum (IceCv)
  A killer bee zombie (D:6)
  3 hound zombies (D:4)
  2 hound skeletons (D:4)
  10 adders
  14 white imps
  3 ufetubi
  2 adder skeletons (D:4)
  2 worms
  3 dart slugs
  36 orcs
  4 ball pythons
  6 endoplasms
  3 giant cockroaches
  10 hobgoblins
  A jackal (D:5)
  2 quokkas (D:1)
  A bat (D:1)
  A frilled lizard (D:1)
  11 goblins
  9 kobolds
  6 rats
250 creatures vanquished.

Vanquished Creatures (others)
  2 bushes (D:6)
  20 plants
22 creatures vanquished.

Grand Total: 272 creatures vanquished
